cohdb
Replays
Latest Replays
All Replays
Popular Replays
Top Player Replays
Match Explorer
How It Works
Community
CoH3 Stats
Reddit
Sign in to upload your games and track your stats! →
Sign in with Steam
Match 44663421
Unlisted
Match 44663421
Overview
Messages
Build Orders
End
Panzergrenadier Squad
Selects Armored Support Battlegroup
Panzergrenadier Squad
Kradschützen Motorcycle Team
Construct Light Support Kompanie
Fire Support Elements
le.IG 18 Support Gun Team
Selects Veteran Gunners
Flakvierling Half-track
Assault Mechanized Group
Vehicle Survival Package
2.5-tonne Medical Truck
Construct Panzerarmee Kommand
Pak 38 Anti-tank Gun Team
Selects Flammpanzer III Medium Tank
Panzer III L Medium Tank
Selects Salvage Kits
Flammpanzer III Medium Tank
Assault Mechanized Group
Rapid Advance
Selects Command Panzer IV F Medium Tank
Armored Reserves
Tiger Heavy Tank
Selects Panzer Storm
Advanced Field Repairs
Panzerpioneer Squad
Flammpanzer III Medium Tank
2.5-tonne Medical Truck
Panzerpioneer Squad
Panzer IV Assault Group
TwistedTootsy
CLARK
Mr.Wu
求你了别站起来蹬她
Exf
Gravey
Karl123
FARM7D
0
0
Comments
sign in to comment!
No comments posted yet!